 Dungeon Crawl Stone Soup version 0.32-a0-699-g1ee5eff69a (webtiles) character file.

Game seed: 8588968856546520249

20460 Alarak the Geomancer (level 12, -14/76 HPs)
             Began as a Gargoyle Earth Elementalist on Mar 14, 2024.
             Was an Elder of Vehumet.
             Killed from afar by a frost giant (49 damage)
             ... with a bolt of cold
             ... in an ice cave.
             The game lasted 00:45:42 (11484 turns).

Alarak the Geomancer (Gargoyle Earth Elementalist) Turns: 11484, Time: 00:45:43

Health: -14/76     AC: 18    Str: 18    XL:     12   Next: 79%
Magic:  10/26      EV: 13    Int: 27    God:    Vehumet [****..]
Gold:   717        SH:  0    Dex: 10    Spells: 16/31 levels left

rFire   . . .        j - staff of conjuration
rCold   . . .        (no shield)
rNeg    + . .        q - +0 leather armour
rPois   ∞            R - +0 hat {SInv}
rElec   +            G - +2 cloak
rCorr   .            J - +2 pair of gloves
SInv    +            (no boots)
Will    +....        f - amulet of magic regeneration
Stlth   ++           O - +6 ring of intelligence
HPRegen 0.32/turn    p - +6 ring of strength
MPRegen 0.60/turn

%: no passive effects
@: enlightened, very slightly contaminated
A: sickness immunity, AC +8, negative energy resistance 1, electricity
resistance, torment resistance 1, petrification resistance
a: Renounce Religion


You were in an ice cave.
You worshipped Vehumet.
Vehumet was greatly pleased with you.
You visited 2 branches of the dungeon, and saw 12 of its levels.
You also visited: Sewer and Ice Cave.

You collected 717 gold pieces.

Inventory:

Hand Weapons
 e - a +0 dagger
 g - a +3 dagger of venom
Missiles
 n - 3 throwing nets
 z - 121 stones
 I - 27 poisoned darts
Armour
 a - a +0 robe
 q - a +0 leather armour (worn)
 r - a +0 helmet
 G - a +2 cloak (worn)
 J - a +2 pair of gloves (worn)
 R - a +0 hat of see invisible (worn)
Magical Staves
 j - a staff of conjuration (weapon)
 x - a staff of air
 y - a staff of alchemy
Jewellery
 f - an amulet of magic regeneration (around neck)
 m - a ring of fire
 p - a +6 ring of strength (right hand)
 u - an amulet of faith
 v - a +4 ring of slaying
 N - an amulet of guardian spirit
 O - a +6 ring of intelligence (left hand)
 P - a ring of willpower
Wands
 w - a wand of digging (3)
 B - a wand of charming (11)
 L - a wand of warping (7)
Scrolls
 c - 4 scrolls of noise
 d - a scroll of fear
 k - a scroll of poison
 l - a scroll of fog
 D - a scroll of enchant armour
 E - a scroll of enchant weapon
 H - 2 scrolls of blinking
 M - a scroll of immolation
Potions
 b - 4 potions of magic
 h - 2 potions of cancellation
 i - 3 potions of enlightenment
 o - 2 potions of brilliance
 s - 2 potions of attraction
 t - a potion of mutation
 A - a potion of curing
 C - 11 potions of degeneration
 F - a potion of ambrosia {unknown}
 K - 4 potions of haste {unknown}
 Q - a potion of might {unknown}


   Skills:
 - Level 9.1 Fighting
 - Level 4.3 Armour
 - Level 8.4 Dodging
 - Level 2.1 Stealth
 - Level 10.0 Spellcasting
 + Level 8.5 Conjurations
 - Level 12.0 Earth Magic


You had 16 spell levels left.
You knew the following spells:

 Your Spells              Type           Power      Damage    Failure   Level
a - Sandblast             Erth           100%       2d20      1%          1
b - Stone Arrow           Conj/Erth      100%       3d13      1%          3
c - Passwall              Erth           68%        N/A       1%          3
d - Brom's Barrelling Bo  Conj/Erth      80%        2d9       1%          4
e - Fulminant Prism       Conj/Alch      26%        3d14      2%          4

Your spell library contained the following spells:

 Spells                   Type           Power      Damage    Failure   Level
 Sticky Flame             Fire/Alch      13%        2d5       13%         4
 Freeze                   Ice            52%        1d6       1%          1
 Hailstorm                Conj/Ice       53%        3d10      1%          3
 Iskenderun's Mystic Bla  Conj/Tloc      53%        2d11      2%          4
 Frozen Ramparts          Ice            26%        1d4       4%          3
 Volatile Blastmotes      Fire/Tloc      26%        2d12      4%          3
 Petrify                  Alch/Erth      46%        N/A       4%          4
 Fugue of the Fallen      Necr           13%        N/A       16%         3
 Ozocubu's Armour         Ice            13%        N/A       16%         3
 Dispel Undead            Necr           13%        3d9       45%         4
 Manifold Assault         Tloc           13%        N/A       45%         4
 Martyr's Knell           Necr/Summ      13%        N/A       45%         4
 Cigotuvi's Dreadful Rot  Necr/Alch/Air  Unusable   N/A       N/A         2

Dungeon Overview and Level Annotations

Branches:
Dungeon (11/15)            Temple (1/1) D:5           Sewer (visited)
  IceCv (1/1)
   Lair: D:8-11         Orc: D:9-12

Altars:
Ashenzari
Cheibriados
Dithmenos
Elyvilon
Fedhas
Gozag
Hepliaklqana
Kikubaaqudgha
Makhleb
Nemelex Xobeh
Okawaru
Qazlal
Ru
Sif Muna
Trog
Uskayaw
Vehumet
Wu Jian
Xom
Yredelemnul
Zin
The Shining One


Innate Abilities, Weirdness & Mutations

You are immune to sickness and miasma.
Your stone body is resilient. (AC +8)
You are immune to poison.
You resist negative energy. (rN+)
You are resistant to electric shocks. (rElec)
You are resistant to unholy torment.
You are immune to petrification.


Message History

You are blasted with magical energy.
Casting: Fulminant Prism (dangerous; 2% risk of failure)
Confirm with . or Enter, or press ? or * to list all spells.
Aiming: Fulminant Prism (dangerous; 2% risk of failure)
Press: ? - help, Dir - move target You feel a surge of power!
You conjure a prism of explosive energy!
A fulminant prism comes into view.
The frost giant hits your fulminant prism with a +2 battleaxe of freezing!!
The frost giant freezes your fulminant prism.
Your fulminant prism detonates feebly.
Casting: Fulminant Prism (dangerous; 2% risk of failure)
Confirm with . or Enter, or press ? or * to list all spells.
Aiming: Fulminant Prism (dangerous; 2% risk of failure)
Press: ? - help, Dir - move target You feel a surge of power!
You conjure a prism of explosive energy!
A fulminant prism comes into view.
Unknown command.
Your fulminant prism crackles loudly.
You feel a surge of power!
The stone arrow hits the frost giant!
The frost giant is lightly wounded.
The frost giant points at you and mumbles some strange words.
The bolt of cold hits you!!
Your fulminant prism explodes!
The blast of energy engulfs the frost giant!!
The frost giant is moderately wounded.
You are too injured to fight recklessly!
Casting: Stone Arrow (safe; 1% risk of failure)
Confirm with . or Enter, or press ? or * to list all spells.
Aiming: Stone Arrow (safe; 1% risk of failure)
Press: ? - help, Shift-Dir - straight line, f/p - frost giant
Aim: a frost giant, wielding a +2 battleaxe of freezing (moderately wounded, 98% to hit)
You feel a surge of power!
The stone arrow hits the frost giant!
The frost giant is heavily wounded.
You float gracefully downwards.
The frost giant points at you and mumbles some strange words.
The bolt of cold hits you!!!
Ouch! That really hurt!
You die...

#.#..####....#..#.##.#.#
##.### ########...##..# ###
##.#..#.# ##..#÷.# #.#.#.#
#### ##.#..# ##..##
##.#..## #..C.## ###..####
#.##..###.@.##
##..##..#..###
##.#.###.C.## #..#.# ##.##
#...## ### ##...## ###
#....## #### ##.# #.....#
#### ##..##
#..###....####..#####....##


You could see a frost giant.

Vanquished Creatures
  Gastronok (D:10)
  Erolcha (D:11)
  Erica (D:10)
  3 two-headed ogres
  7 death yaks (IceCv)
  An ugly thing (IceCv)
  An ice statue (IceCv)
  An unseen horror (D:11)
  A komodo dragon (D:11)
  Psyche (D:10)
  4 rime drakes (IceCv)
  5 polar bears (IceCv)
  2 shadows
  2 vampires (D:11)
  Sigmund (D:2)
  A wyvern (D:9)
  20 yaks
  2 steam dragons (D:8)
  Edmund (D:4)
  3 water moccasins
  5 orc warriors
  A sky beast (D:7)
  An ogre (D:6)
  10 wolves (IceCv)
  2 phantoms
  2 centaurs
  2 kobold brigands (D:8)
  A brain worm (Sewer)
  A bullfrog (D:9)
  A two-headed ogre simulacrum (D:11)
  3 scorpions
  10 wights
  6 killer bees (D:10)
  2 bombardier beetles
  A howler monkey (D:9)
  A crimson imp (D:7)
  4 hounds
  5 jellies
  4 orc priests
  3 gnoll boudas
  Jessica (D:2)
  An iguana (D:5)
  2 sleepcaps
  4 orc wizards
  2 troll simulacra (D:11)
  A spriggan simulacrum (D:11)
  15 gnolls
  8 adders
  2 naga simulacra (D:11)
  2 shadow imps
  A white imp (D:7)
  4 dart slugs
  3 ribbon worms
  43 orcs
  6 ball pythons
  11 bats
  4 endoplasms
  5 giant cockroaches
  9 goblins
  6 hobgoblins
  12 jackals
  15 kobolds
  A quokka (D:1)
  12 frilled lizards
  11 rats
  A spectral kobold (D:1)
  A fulminant prism (IceCv)
307 creatures vanquished.

Vanquished Creatures (collateral kills)
  2 gnolls (D:8)
  2 kobolds (D:8)
4 creatures vanquished.

Vanquished Creatures (others)
  An arcanist (D:3)
  18 fulminant prisms (IceCv)
19 creatures vanquished.

Grand Total: 330 creatures vanquished

Notes
Turn   | Place    | Note
-------+----------+-------------------------------------------
     0 | D:1      | Alarak the Gargoyle Earth Elementalist began the quest for
                  | the Orb.
     0 | D:1      | Reached XP level 1. HP: 10/10 MP: 3/3
   183 | D:1      | Reached XP level 2. HP: 15/15 MP: 2/5
   356 | D:1      | Found a faded altar of an unknown god.
   621 | D:1      | Reached XP level 3. HP: 19/19 MP: 7/7
  1091 | D:2      | Noticed Jessica
  1101 | D:2      | Killed Jessica
  1102 | D:2      | Reached XP level 4. HP: 22/24 MP: 10/10
  1242 | D:2      | Noticed Sigmund
  1248 | D:2      | Killed Sigmund
  1249 | D:2      | Reached XP level 5. HP: 28/28 MP: 9/11
  1249 | D:2      | Reached XP level 6. HP: 32/32 MP: 9/12
  1424 | D:2      | Found a sacrificial altar of Ru.
  1982 | D:2      | Reached skill level 4 in Earth Magic
  2089 | D:3      | Reached skill level 5 in Earth Magic
  2108 | D:3      | Learned a level 3 spell: Stone Arrow
  2112 | D:3      | Learned a level 3 spell: Passwall
  2189 | D:3      | Reached XP level 7. HP: 36/36 MP: 10/13
  2280 | D:3      | Found a bloodstained altar of Trog.
  2465 | D:3      | Noticed a wizard
  2467 | D:3      | Killed a wizard
  2839 | D:4      | Found a glowing drain.
  2855 | D:4      | Reached skill level 6 in Earth Magic
  2860 | Sewer    | Entered a sewer
  3196 | Sewer    | Reached skill level 7 in Earth Magic
  3624 | D:4      | Noticed Edmund
  3633 | D:4      | Killed Edmund
  3634 | D:4      | Reached skill level 8 in Earth Magic
  3634 | D:4      | Reached XP level 8. HP: 28/41 MP: 11/14
  4215 | D:5      | Entered Level 5 of the Dungeon
  4227 | D:5      | Reached skill level 9 in Earth Magic
  4622 | D:5      | Found a staircase to the Ecumenical Temple.
  4681 | Temple   | Entered the Ecumenical Temple
  4699 | Temple   | Became a worshipper of Vehumet
  4753 | D:5      | Reached skill level 10 in Earth Magic
  4762 | D:5      | You fall into a shaft and drop 2 floors!
  4834 | D:7      | Noticed a shadow
  4848 | D:7      | Killed a shadow
  4869 | D:7      | Reached skill level 11 in Earth Magic
  5045 | D:6      | Reached XP level 9. HP: 27/45 MP: 12/15
  5179 | D:6      | Reached skill level 12 in Earth Magic
  5245 | D:6      | Found a burning altar of Makhleb.
  5247 | D:6      | Reached skill level 5 in Conjurations
  5556 | D:5      | Found a hide-covered altar of Uskayaw.
  5925 | D:6      | Found a sparkling altar of Nemelex Xobeh.
  6310 | D:7      | Reached * piety under Vehumet
  6310 | D:7      | Offered knowledge of Shock by Vehumet.
  6500 | D:7      | Learned a level 4 spell: Brom's Barrelling Boulder
  6506 | D:8      | Identified a scroll of acquirement
  6506 | D:8      | Acquired a staff of conjuration
  6842 | D:8      | Reached skill level 5 in Spellcasting
  7327 | D:8      | Reached ** piety under Vehumet
  7413 | D:8      | Offered knowledge of Scorch by Vehumet.
  7548 | D:9      | Reached XP level 10. HP: 50/50 MP: 10/19
  8002 | D:9      | Noticed a two-headed ogre
  8006 | D:9      | Killed a two-headed ogre
  8377 | D:10     | Entered Level 10 of the Dungeon
  8563 | D:10     | Found a stormy altar of Qazlal.
  8632 | D:10     | Reached skill level 10 in Spellcasting
  8642 | D:10     | Noticed Psyche
  8646 | D:10     | Killed Psyche
  8672 | D:10     | Reached XP level 11. HP: 54/54 MP: 20/25
  8794 | D:10     | Noticed Gastronok
  8802 | D:10     | Noticed Erica
  8808 | D:10     | HP: 1/55 [Gastronok/the air (29)]
  8824 | D:10     | Killed Erica
  9114 | D:10     | Offered knowledge of Dazzling Flash by Vehumet.
  9136 | D:10     | Noticed a two-headed ogre
  9144 | D:10     | Killed a two-headed ogre
  9245 | D:10     | Reached *** piety under Vehumet
  9246 | D:10     | Reached skill level 5 in Fighting
  9450 | D:10     | Found a broken altar of Ashenzari.
  9450 | D:10     | Found a glowing silver altar of Zin.
  9451 | D:10     | Found a hazy altar of Hepliaklqana.
  9708 | D:10     | Killed Gastronok
  9763 | D:11     | Noticed a two-headed ogre
  9765 | D:11     | Killed a two-headed ogre
  9937 | D:11     | Noticed Erolcha
  9946 | D:11     | Killed Erolcha
  9988 | D:11     | Found a frozen archway.
  9995 | D:11     | Offered knowledge of Ignite Poison by Vehumet.
 10023 | IceCv    | Entered an ice cave
 10078 | IceCv    | Noticed a death yak
 10080 | IceCv    | Noticed a death yak
 10100 | IceCv    | Reached XP level 12. HP: 40/76 MP: 20/26
 10103 | IceCv    | Killed a death yak
 10107 | IceCv    | Killed a death yak
 10108 | IceCv    | Reached skill level 5 in Dodging
 10264 | IceCv    | Learned a level 4 spell: Fulminant Prism
 10516 | IceCv    | Reached **** piety under Vehumet
 10736 | IceCv    | Noticed a death yak
 10736 | IceCv    | Noticed a death yak
 10736 | IceCv    | Noticed a death yak
 10738 | IceCv    | Noticed a death yak
 10751 | IceCv    | Killed a death yak
 10762 | IceCv    | Killed a death yak
 10764 | IceCv    | Killed a death yak
 10771 | IceCv    | Killed a death yak
 10976 | IceCv    | Noticed a death yak
 10986 | IceCv    | Killed a death yak
 11120 | IceCv    | Offered knowledge of Sticky Flame by Vehumet.
 11474 | IceCv    | Noticed a frost giant
 11484 | IceCv    | Killed from afar by a frost giant

Illustrated notes

Levels and vault maps discovered:
D:1:      pf_arrival_petrified_forest, layout_loops_corners,
          dreamdust_ecumenical_altar_drowned_temple, minmay_misc_feat_rugged,
          minmay_misc_feat_five, minmay_octomino_e4
D:2:      layout_loops_corners, basic_altar, uniq_sigmund, uniq_jessica
D:3:      layout_basic, trog_wizard, minmay_misc_feat_x
D:4:      layout_cave_pools, cheibrodos_sewer_entry_drain, uniq_edmund
D:5:      layout_cave_pools, lemuel_tele_altar, minmay_temple_entry_poolview,
          minmay_lizard_king
D:6:      layout_cave_pools, makhleb_blood_cavern_becter,
          nemelex_diamond_rough_becter
D:7:      layout_basic, minmay_fire_ice_demons
D:8:      layout_loops_cross, enter_bailey_7, nicolae_straight_to_the_point
D:9:      layout_roguey, st_stairs_10
D:10:     layout_loops_ring, grunt_qazlal_clouds,
          chequers_temple_overflow_statue_of_worship, special_room
          [special_room_orc], uniq_gastronok, uniq_psyche, uniq_erica
D:11:     hangedman_cross_stitches, layout_long_grid,
          grunt_lair_entry_orc_guard_hut, portal_ice_cave_entry_ice_simulacra,
          gammafunk_ghost_cemetery, blue_anna_alchemist, uniq_erolcha
Temple:   jpeg_temple_clearing
IceCv:    ice_cave_small_giant

Skill      XL: |  1  2  3  4  5  6  7  8  9 10 11 12 |
---------------+-------------------------------------+-----
Spellcasting   | 3 4 6 10 | 10.0
Conjurations   | 4 8 |  8.5
Earth Magic    | 5 8 11 12 | 12.0
Armour         | 3 4 |  4.3
Fighting       | 9 |  9.1
Dodging        | 3 8 |  8.4
Stealth        | |  2.1

Action                     |  1- 3 |  4- 6 |  7- 9 | 10-12 || total
---------------------------+-------+-------+-------+-------++-------
  Melee: Unarmed           |    22 |       |       |       ||    22
         Dagger            |     2 |       |     3 |       ||     5
         Staff             |       |       |       |    14 ||    14
   Cast: Sandblast         |    43 |    62 |   183 |    27 ||   315
         Stone Arrow       |       |       |    30 |   157 ||   187
         Brom's Barrelling |       |       |     9 |    37 ||    46
         Fulminant Prism   |       |       |       |    19 ||    19
    Use: Scroll            |       |       |    15 |     7 ||    22
         Potion            |       |       |     1 |     6 ||     7
 Armour: Robe              |    27 |    36 |       |       ||    63
         Leather armour    |       |       |    90 |   110 ||   200
  Dodge: Dodged            |    26 |    37 |    77 |    55 ||   195

Table legend: (Time is in decaauts)
 A = Elapsed time spent in this place.
 B = Non-inter-level travel time spent in this place.
 C = Inter-level travel time spent in this place.
 D = Time resting spent in this place.
 E = Time spent auto-exploring this place.
 F = Levels seen in this place.
 G = Mean time per level.
                   A        B        C        D        E       F      G
               +--------+--------+--------+--------+--------+-----+--------+
         Total |  11861 |  10699 |   1162 |   1722 |   7024 |  14 |  847.2 |
       Dungeon |   9617 |   8490 |   1127 |    956 |   6078 |  11 |  874.3 |
        Temple |     36 |      1 |     35 |      0 |      0 |   1 |   36.0 |
         Sewer |    738 |    738 |      0 |     42 |    575 |   1 |  738.0 |
      Ice Cave |   1469 |   1469 |      0 |    724 |    370 |   1 | 1469.0 |
               +--------+--------+--------+--------+--------+-----+--------+

Top non-repeatable levels by time:
   IceCv: 1469 daAuts
     D:1: 1215 daAuts
     D:2: 1163 daAuts
    D:10: 1130 daAuts
     D:8: 1083 daAuts
     D:9: 1068 daAuts
     D:5: 889 daAuts
     D:3: 864 daAuts
     D:7: 767 daAuts
   Sewer: 738 daAuts
     D:6: 638 daAuts
     D:4: 517 daAuts
    D:11: 277 daAuts
  Temple: 36 daAuts
